 Dungeon Sprint DCSS version 0.31-a0-846-gb3bcc0d938 (webtiles) character file.

Game seed: 3406288879762515404

610 sircluck the Grappler (level 7, -14/79 HPs)
             Began as a Troll Berserker on Oct 3, 2023.
             Was a Priest of Trog.
             Demolished by a sun demon (25 damage)
             ... summoned by a kobold demonologist
             ... while paralysed by a floating eye
             ... in the Dungeon (Sprint I: "Red Sonja").
             The game lasted 00:01:41 (256 turns).

sircluck the Grappler (Troll Berserker)              Turns: 256, Time: 00:01:42

Health: -14/79     AC:  4    Str: 28    XL:     7   Next: 20%
Magic:  6/6        EV:  1    Int:  3    God:    Trog [***...]
Gold:   303        SH:  0    Dex:  9    Spells: 6/6 levels left

rFire   . .          .
                       - Unarmed
rCold   . . .        j - +0 tower shield {rPois}
rNeg    . . .        a - +0 animal skin
rPois   +            (helmet restricted)
rElec   .            (no cloak)
rCorr   .            (gloves unavailable)
SInv    .            (boots unavailable)
Will    .....        (no amulet)
Stlth   +            (no ring)
HPRegen 1.13/turn    (no ring)
MPRegen 0.10/turn

%: no teleportation
@: paralysed, spiked
A: large, unfitting armour, claws 3, regeneration 1, shaggy fur 1, tough skin 1
a: Renounce Religion, Berserk, Trog's Hand


You were in the Dungeon.
You worshipped Trog.
Trog was most pleased with you.
You visited 1 branch You collected 405 gold pieces.
You spent 102 gold pieces at shops.

Inventory:

Armour
 a - a +0 animal skin (worn)
 j - a +0 tower shield of poison resistance (worn)
Wands
 h - a wand of charming (11)
Scrolls
 g - a scroll of blinking
Potions
 b - a potion of curing
 c - a potion of heal wounds
 d - a potion of haste
 e - 2 potions of magic
 f - a potion of berserk rage
 i - a potion of degeneration {unknown}


   Skills:
 + Level 7.9 Fighting
 + Level 1.7 Armour
 + Level 7.8 Dodging
 + Level 2.0 Shields
 + Level 9.3 Unarmed Combat


You had 6 spell levels left.
You didn't know any spells.
Your spell library was empty.

Dungeon Overview and Level Annotations

Branches:
Dungeon (1/1)

Altars:
Cheibriados
Dithmenos
Elyvilon
Fedhas
Gozag
Hepliaklqana
Kikubaaqudgha
Makhleb
Nemelex Xobeh
Okawaru
Qazlal
Ru
Sif Muna
Trog
Uskayaw
Vehumet
Wu Jian
Xom
Yredelemnul
Zin
The Shining One
Jiyva
Lugonu

Shops:
D [


Innate Abilities, Weirdness & Mutations

You are too large for most types of armour.
You have claws for hands.
Your natural rate of healing is unusually fast.
You are covered in fur. (AC +1)
You have tough skin. (AC +1)


Message History

Trog accepts your kill.
Your Armour skill increases to level 1!
Your Shields skill gained 2 levels and is now at level 2!
You have reached level 7!
Unknown command.
You start resting.
HP restored.
You open the door.
Found 108 gold pieces.
There is an open door here.
You now have 222 gold pieces (gained 27).
You now have 249 gold pieces (gained 27).
You now have 276 gold pieces (gained 27).
You now have 303 gold pieces (gained 27).
You open the door.
A kobold demonologist and a floating eye come into view.
The kobold demonologist shouts!
The floating eye turns its gaze towards you.
You hear a shout!
The kobold demonologist gestures wildly while chanting.
A kobold demonologist comes into view. It is wielding a +0 dagger.
The floating eye's view fixates on you.
The kobold demonologist gestures wildly while chanting.
You block the red devil's attack.
There is an open door here.
You closely miss the red devil.
The red devil hits you with a +1 demon trident of venom!!
Barbed spikes become lodged in your body.
The kobold demonologist mumbles some strange words.
You closely miss the red devil.
The floating eye gazes piercingly through you!
You suddenly lose the ability to move!
The kobold demonologist casts a spell.
The red devil hits you from afar with a +1 demon trident of venom!
Barbed spikes become lodged in your body.
The floating eye's stare focuses on you.
The sun demon hits you!!
You are engulfed in flames!
* * * LOW HITPOINT WARNING * * *
The sun demon hits you!!
You die...

#####################
.'..#..'..#__#..@3K5#
.#..'..#..'..'..#G4.#
###'#####'#__####K4.+
##..#...#[#### ####
_####..##.#
____##'#_.+
.∩...'..._#
..__##_.#'#
____###+#.#


You could see a sun demon (summoned), an ice devil (summoned), 2 kobold
demonologists, a red devil (summoned), a floating eye (charged) and a white imp
(summoned).

Vanquished Creatures
  A slime creature (D)
  A yak (D)
  An ogre (D)
  A jelly (D)
  Ijyb (D)
5 creatures vanquished.

Vanquished Creatures (collateral kills)
  Sigmund (D)
1 creature vanquished.

Grand Total: 6 creatures vanquished

Notes
Turn   | Place    | Note
-------+----------+-------------------------------------------
     0 | D        | sircluck the Troll Berserker began the quest for the Orb.
     0 | D        | Reached XP level 1. HP: 22/22 MP: 0/0
     1 | D        | Noticed Ijyb
    13 | D        | Killed Ijyb
    14 | D        | Reached skill level 4 in Unarmed Combat
    14 | D        | Reached XP level 2. HP: 17/32 MP: 1/1
    29 | D        | Noticed an ogre
    35 | D        | Noticed Sigmund
    52 | D        | Killed Sigmund
    52 | D        | Reached ** piety under Trog
    53 | D        | Reached skill level 5 in Dodging
    53 | D        | Reached skill level 7 in Unarmed Combat
    53 | D        | Reached XP level 3. HP: 24/44 MP: 2/2
    53 | D        | Reached XP level 4. HP: 29/52 MP: 3/3
    53 | D        | Reached XP level 5. HP: 33/59 MP: 4/4
    62 | D        | Killed an ogre
    63 | D        | Reached XP level 6. HP: 42/68 MP: 5/5
   114 | D        | Found an ornate altar of the Wu Jian Council.
   114 | D        | Found a shimmering blue altar of Sif Muna.
   116 | D        | Found a radiant altar of Vehumet.
   120 | D        | Reached skill level 8 in Unarmed Combat
   148 | D        | Found Akuazag's Armour Emporium.
   148 | D        | Found an ancient bone altar of Kikubaaqudgha.
   148 | D        | Found a hazy altar of Hepliaklqana.
   148 | D        | Found a hide-covered altar of Uskayaw.
   148 | D        | Found a basalt altar of Yredelemnul.
   148 | D        | Found an opulent altar of Gozag.
   148 | D        | Found a snail-covered altar of Cheibriados.
   148 | D        | Found a sacrificial altar of Ru.
   148 | D        | Found a shadowy altar of Dithmenos.
   148 | D        | Noticed a yak
   153 | D        | Killed a yak
   154 | D        | Reached skill level 9 in Unarmed Combat
   176 | D        | Found a stormy altar of Qazlal.
   176 | D        | Found a blossoming altar of Fedhas.
   176 | D        | Found a bloodstained altar of Trog.
   176 | D        | Found an iron altar of Okawaru.
   176 | D        | Found a glowing golden altar of the Shining One.
   176 | D        | Found a glowing silver altar of Zin.
   176 | D        | Found a white marble altar of Elyvilon.
   178 | D        | Found a sparkling altar of Nemelex Xobeh.
   182 | D        | Bought a +0 tower shield of poison resistance for 102 gold
                  | pieces
   200 | D        | Found a burning altar of Makhleb.
   200 | D        | Found a viscous altar of Jiyva.
   200 | D        | Found a shimmering altar of Xom.
   200 | D        | Found a corrupted altar of Lugonu.
   200 | D        | Noticed a slime creature
   206 | D        | Killed a slime creature
   206 | D        | Reached *** piety under Trog
   207 | D        | Reached skill level 1 in Armour
   207 | D        | Reached XP level 7. HP: 44/79 MP: 6/6
   251 | D        | Noticed a kobold demonologist
   251 | D        | Noticed a kobold demonologist
   252 | D        | Noticed a red devil
   253 | D        | Noticed a sun demon
   254 | D        | Noticed an ice devil
   254 | D        | Paralysed by a floating eye for 3 turns
   256 | D        | Demolished by a sun demon

Illustrated notes

Levels and vault maps discovered:
D:        dungeon_sprint_1 [red_sonja_temple_1, red_sonja_temple_small_1]

Skill      XL: |  1  2  3  4  5  6 |
---------------+-------------------+-----
Fighting       | 3 6 7 |  7.9
Dodging        | 3 5 6 7 |  7.8
Unarmed Combat | 4 7 9 |  9.3
Armour         | 1 |  1.7
Shields        | 2 |  2.0

Action                     |  1- 3 |  4- 6 |  7- 9 || total
---------------------------+-------+-------+-------++-------
  Melee: Unarmed           |    11 |    17 |     2 ||    30
  Evoke: Wand              |     1 |       |       ||     1
 Armour: Animal skin       |     8 |     7 |     4 ||    19
  Dodge: Dodged            |     6 |     4 |       ||    10
  Block: Tower shield      |       |     1 |     1 ||     2

Table legend: (Time is in decaauts)
 A = Elapsed time spent in this place.
 B = Non-inter-level travel time spent in this place.
 C = Inter-level travel time spent in this place.
 D = Time resting spent in this place.
 E = Time spent auto-exploring this place.
 F = Levels seen in this place.
 G = Mean time per level.
                   A        B        C        D        E       F      G
               +--------+--------+--------+--------+--------+-----+--------+
         Total |    254 |    254 |      0 |     67 |     62 |   1 |  254.0 |
       Dungeon |    254 |    254 |      0 |     67 |     62 |   1 |  254.0 |
               +--------+--------+--------+--------+--------+-----+--------+

Top non-repeatable levels by time:
       D: 254 daAuts
